 Dungeon Crawl Stone Soup version 0.30-a0-964-gd452b5e7fa (webtiles) character file.

Game seed: 2925935038362060964

258 kae the Changer (level 6, -4/51 HPs)
             Began as a Naga Transmuter on Mar 29, 2023.
             Engulfed by a steam dragon's steam (12 damage)
             ... on level 4 of the Dungeon on Mar 30, 2023.
             The game lasted 00:04:59 (2989 turns).

kae the Changer (Naga Transmuter)                   Turns: 2989, Time: 00:04:59

Health: -4/51      AC:  2    Str: 12    XL:     6   Next: 16%
Magic:  0/19       EV: 18    Int: 16    God:
Gold:   141        SH:  0    Dex: 16    Spells: 5/11 levels left

rFire   . . .      SeeInvis +    g - melded +4 hand axe (drain)
rCold   . . .      Faith    .    (shield currently unavailable)
rNeg    . . .      Spirit   +    a - melded +0 robe
rPois   x          Reflect  .    (helmet currently unavailable)
rElec   .          Rampage  .    (cloak currently unavailable)
rCorr   +                        (gloves currently unavailable)
Will    .....                    (no barding)
Stlth   +                        G - amulet of guardian spirit
HPRegen 0.28/turn                W - ring of magical power
MPRegen 0.16/turn                R - ring of resist corrosion

@: spider-form (expiring)
A: venomous fangs, AC +2, tiny, see invisible, (deformed body), (poison
resistance), (slowness 2), spit poison 1, (naga tail 1)
a: Spit Poison, End Transformation


You were on level 4 of the Dungeon.
You were a venomous arachnid creature.
You visited 1 branch of the dungeon, and saw 4 of its levels.

You collected 141 gold pieces.


Innate Abilities, Weirdness & Mutations

You are a venomous arachnid creature.
You have venomous fangs.
You are tiny and dextrous.
Your spellcasting is less reliable in this form.
Your armour is entirely melded.
You are incapable of wielding weapons or throwing items.
((Your serpentine skin is tough. (AC +2)))
You have supernaturally acute eyesight. (SInv)
((Armour fits poorly on your strangely shaped body.))
((Your system is resistant to poisons. (rPois)))
((You cover ground very slowly.))
You can spit poison.
((You have a snake-like lower body.))


   Skills:
 - Level 1.0 Fighting
 - Level 1.5 Dodging
 + Level 3.9 Unarmed Combat
 + Level 3.0 Spellcasting
 * Level 4.3 Transmutations
 - Level 3.0 Poison Magic


You had 5 spell levels left.
You knew the following spells:

 Your Spells              Type           Power      Damage    Failure   Level
a - Beastly Appendage     Tmut           32%        N/A       11%         1
b - Wereblood             Tmut           16%        N/A       14%         2
c - Spider Form           Tmut/Pois      14%        N/A       28%         3

Your spell library contained the following spells:

 Spells                   Type           Power      Damage    Failure   Level
 Kiss of Death            Conj/Necr      8%         2d6       38%         1
 Confusing Touch          Hex            2%         N/A       71%         3
 Ice Form                 Ice/Tmut       9%         N/A       78%         4
 Dispel Undead            Necr           2%         3d7       96%         4

Inventory:

Hand Weapons
 g - a +4 hand axe of draining (melded)
   (You found it on level 2 of the Dungeon)
Missiles
 c - 50 stones
 o - a throwing net {=f!f}
Armour
 a - a +0 robe (melded)
Jewellery
 w - a ring of magical power
   (You found it on level 4 of the Dungeon)
 G - an amulet of guardian spirit (around neck)
   (You found it on level 3 of the Dungeon)
 R - a ring of resist corrosion (right front pincers)
   (You found it on level 2 of the Dungeon)
 W - a ring of magical power (left front pincers)
   (You found it on level 1 of the Dungeon)
Wands
 p - a wand of iceblast (7)
   (You found it on level 3 of the Dungeon)
Scrolls
 j - a scroll of enchant armour {unknown}
 l - a scroll of identify {@r1}
 m - a scroll of blinking {!r}
Potions
 b - 4 potions of lignification {!q}
 d - 2 potions of might
 e - 2 potions of degeneration {unknown}
 f - a potion of berserk rage {!q}
 h - a potion of attraction {!q}
 i - a potion of cancellation
 k - 2 potions of curing {@q1}
 q - a potion of resistance

Dungeon Overview and Level Annotations

Branches:
Dungeon (4/15) Zot: 20244
 Temple: D:4-7

Altars:
Ashenzari

Shops:
D:1 :

Annotations:
D:4 Eustachio

#<..###..#
###.#⌠#..#..............
# #.###..#...........≈≈.
###......# .....@..≈..≈.
........... .>.#'..≈≈...
##########. #..#......._
. #..#...≈≈... #
#.§#...≈..≈.
#§§.sD...≈≈. ##
#######§#####..... ...
.......§......#.#. ###
#######.####..#
#######............#
#.........##..#....#
#.........+...# ...#
#.........##.##....#
#######.#.#........#


You could see Eustachio and a steam dragon (extremely poisoned, catching
breath).


Message History

m - a scroll of blinking {!r}
Found a stone staircase leading up.
Found a stone staircase leading down.
A hobgoblin comes into view.
A hobgoblin is nearby!
A hobgoblin is nearby!
The hobgoblin shouts!
You hear an angry hiss.
Casting: Spider Form (dangerous; 12% risk of failure)
Confirm with . or Enter, or press ? or * to list all spells.
You turn into a venomous arachnid creature.
Your +4 hand axe of draining melds into your body.
Your +0 robe melds into your body. 😎 MP[-3]
You lost 3 mp, and now have 16/19 mp.
You barely miss the hobgoblin. The hobgoblin closely misses you.
You hit the hobgoblin.
The hobgoblin is poisoned.
The hobgoblin hits you. 😕 HP[-3]
You take 3 damage, and now have 48/51 hp.
There are monsters nearby!
You hit the hobgoblin.
You kill the hobgoblin!
A steam dragon is nearby!
Found a broken altar of Ashenzari.
You completely miss the steam dragon.
The steam dragon bites you but does no damage.
The steam dragon claws you. 😕 HP[+1]
A steam dragon is nearby!
You hit the steam dragon but do no damage.
The steam dragon is poisoned.
The steam dragon breathes steam at you. The ball of steam hits you!
You hear a shout! x2
You hit the steam dragon but do no damage.
The steam dragon looks as sick as possible!
You are engulfed in a cloud of scalding steam. 😮 HP[-16] MP[-6]
You take 16 damage, and now have 33/51 hp.
MASSIVE DAMAGE!! (PAUSE)
You lost 6 mp, and now have 10/19 mp.
You hit the steam dragon.
The steam dragon looks as sick as possible!
You are engulfed in a cloud of scalding steam.
The steam dragon barely misses you.
The steam dragon closely misses you. 😮 HP[-3] MP[-1]
You take 3 damage, and now have 30/51 hp.
You lost 1 mp, and now have 9/19 mp.
Unknown command.
You bite the steam dragon!
The steam dragon looks as sick as possible!
You are engulfed in a cloud of scalding steam.
The steam dragon bites you but does no damage.
The steam dragon closely misses you. 😮 HP[-3] MP[-1]
You take 3 damage, and now have 27/51 hp.
You lost 1 mp, and now have 8/19 mp.
You hit the steam dragon but do no damage.
The steam dragon looks as sick as possible!
You are engulfed in a cloud of scalding steam.
* * * LOW HITPOINT WARNING * * *
A goblin comes into view. It is wielding a +0 quarterstaff.
The steam dragon bites you.
* * * LOW HITPOINT WARNING * * *
The steam dragon misses you. 😨 HP[-9] MP[-2]
You take 9 damage, and now have 18/51 hp.
You lost 2 mp, and now have 6/19 mp.
Unknown command.
You barely miss the steam dragon.
Your transformation is almost over.
Eustachio the Magnificent comes into view.
He is wielding a +0 falchion.
The steam dragon breathes steam at you. The ball of steam hits you!
* * * LOW HITPOINT WARNING * * *
Eustachio shouts! 😱 HP[-10] MP[-3]
You take 10 damage, and now have 8/51 hp.
You lost 3 mp, and now have 3/19 mp.
You hit the steam dragon but do no damage.
The steam dragon looks as sick as possible!
You are engulfed in a cloud of scalding steam.
* * * LOW HITPOINT WARNING * * *
The steam dragon completely misses you.
The steam dragon misses you. 😱 HP[-3] MP[-1]
You take 3 damage, and now have 5/51 hp.
You lost 1 mp, and now have 2/19 mp.
Unknown command.
You barely miss the steam dragon.
You are engulfed in a cloud of scalding steam.
* * * LOW HITPOINT WARNING * * *
The steam dragon breathes steam at you.
The ball of steam misses you. 😱 HP[-4] MP[-2]
You take 4 damage, and now have 1/51 hp.
You lost 2 mp, and now have 0/19 mp.
Unknown command.
Unknown command.
You feel better.
You are engulfed in a cloud of scalding steam.
You die...

Skill      XL: |  1  2  3  4  5 |
---------------+----------------+-----
Transmutations | 3 4 |  4.3
Poison Magic   | 1 2 3 |  3.0
Spellcasting   | 3 |  3.0
Fighting       | |  1.0
Dodging        | |  1.5
Unarmed Combat | |  3.9

Action                     |  1- 3 |  4- 6 || total
---------------------------+-------+-------++-------
  Melee: Unarmed           |    59 |    68 ||   127
         Headbutt          |     5 |     2 ||     7
         Hand axe          |     9 |    46 ||    55
  Throw: Stone             |     1 |       ||     1
   Cast: Beastly Appendage |    23 |     5 ||    28
         Spider Form       |       |    11 ||    11
Ability: Spit Poison       |    30 |    17 ||    47
    Use: Scroll            |     3 |    10 ||    13
         Potion            |       |     1 ||     1
 Armour: Robe              |     7 |    15 ||    22
         Skin              |       |     6 ||     6
  Dodge: Dodged            |    62 |    76 ||   138

Levels and vault maps discovered:
D:1:      wheals_arrival_shading, layout_rooms, serial_shops,
          nicolae_shop_hallway_plus, minmay_misc_feat_rugged
D:2:      layout_basic, minmay_cut_off
D:3:      layout_loops_ring
D:4:      layout_basic, mainiacjoe_overflow_small_starburst, feat_on_display,
          uniq_eustachio, uniq_natasha

Notes
Turn   | Place    | Note
-------+----------+-------------------------------------------
     0 | D:1      | kae the Naga Transmuter began the quest for the Orb.
     0 | D:1      | Reached XP level 1. HP: 18/18 MP: 3/3
     0 | D:1      | magus.rc [v1.11.3]
   101 | D:1      | Reached XP level 2. HP: 12/25 MP: 3/5
   117 | D:1      | HP: 6/25 [frilled lizard (3)]
   541 | D:1      | Found Hugomehey's Book Boutique.
   723 | D:2      | Reached XP level 3. HP: 20/31 MP: 6/6
   726 | D:2      | Learned a level 2 spell: Wereblood
   730 | D:2      | Learned a level 3 spell: Spider Form
   863 | D:2      | You pick up a book of Touch and begin reading...
   863 | D:2      | You add the spells Kiss of Death, Confusing Touch and
                  | Dispel Undead to your library.
   901 | D:2      | Reached skill level 3 in Transmutations
   901 | D:2      | Reached skill level 1 in Poison Magic
   951 | D:2      | Reached XP level 4. HP: 37/38 MP: 7/7
  1314 | D:2      | Reached skill level 2 in Poison Magic
  1489 | D:2      | Upgraded the game from 0.30-a0-956-gcec3b41aec to
                  | 0.30-a0-964-gd452b5e7fa
  1489 | D:2      | magus.rc [v1.11.3]
  2188 | D:3      | Reached XP level 5. HP: 44/44 MP: 8/8
  2535 | D:4      | Noticed a steam dragon
  2616 | D:4      | Reached skill level 3 in Poison Magic
  2680 | D:4      | Noticed Natasha
  2685 | D:4      | Reached skill level 4 in Transmutations
  2699 | D:4      | Killed Natasha
  2768 | D:4      | Noticed Natasha
  2776 | D:4      | Killed Natasha
  2777 | D:4      | Reached skill level 3 in Spellcasting
  2777 | D:4      | Reached XP level 6. HP: 44/51 MP: 10/10
  2979 | D:4      | Found a broken altar of Ashenzari.
  2986 | D:4      | Noticed Eustachio
  2986 | D:4      | HP: 8/51 [steam dragon/ball of steam (10)]
  2988 | D:4      | HP: 1/51 [steam dragon] (4)]
  2989 | D:4      | Engulfed by a steam dragon's steam

Vanquished Creatures
  A jelly (D:4)
  An orc priest (D:4)
  Natasha (twice) (D:4)
  8 adders
  3 worms
  2 dart slugs (D:2)
  3 orcs (D:4)
  3 bats
  4 endoplasms
  6 giant cockroaches
  6 goblins
  7 hobgoblins
  4 jackals (D:1)
  2 quokkas
  7 ball pythons
  7 frilled lizards
  8 kobolds
  2 rats
76 creatures vanquished.

Vanquished Creatures (others)
  A giant cockroach (D:4)
  A goblin (D:4)
2 creatures vanquished.

Grand Total: 78 creatures vanquished

Table legend:
 A = Non-vault XP
 B = Vault XP
 C = Vault XP percentage of total XP
 D = Non-vault monster count
 E = Vault monster count
 F = Vault count percentage of total count
                 A         B        C        D         E       F
            +---------+---------+-------+---------+---------+-------
      Total |     329 |      40 |  10.8 |      73 |       3 |   3.9
            +---------+---------+-------+---------+---------+-------
        D:1 |      32 |       0 |   0.0 |      21 |       0 |   0.0
        D:2 |      89 |       3 |   3.3 |      22 |       2 |   8.3
        D:3 |      59 |       0 |   0.0 |      17 |       0 |   0.0
        D:4 |     149 |      37 |  19.9 |      13 |       1 |   7.1
            +---------+---------+-------+---------+---------+-------

Illustrated notes

Table legend:
 A = Kills in this place as a percentage of kills in the entire game.
 B = Kills by you in this place as a percentage of kills by you in the entire game.
 C = Kills by friends in this place as a percentage of kills by friends in the entire game.
 D = Other kills in this place as a percentage of other kills in the entire game.
 E = Experience gained in this place as a percentage of experience gained in the entire game.
 F = Experience gained in this place divided by the number of levels of this place that you have seen.
                   A       B       C       D       E      F
               +-------+-------+-------+-------+-------+----------------------
         Total | 100.0 | 100.0 |   N/A |   N/A | 100.0 |  92.2
       Dungeon | 100.0 | 100.0 |   N/A |   N/A | 100.0 |  92.2
               +-------+-------+-------+-------+-------+----------------------

Table legend: (Time is in decaauts)
 A = Elapsed time spent in this place.
 B = Non-inter-level travel time spent in this place.
 C = Inter-level travel time spent in this place.
 D = Time resting spent in this place.
 E = Time spent auto-exploring this place.
 F = Levels seen in this place.
 G = Mean time per level.
                   A        B        C        D        E       F      G
               +--------+--------+--------+--------+--------+-----+--------+
         Total |   3755 |   3641 |    114 |     56 |   2904 |   4 |  938.8 |
       Dungeon |   3755 |   3641 |    114 |     56 |   2904 |   4 |  938.8 |
               +--------+--------+--------+--------+--------+-----+--------+

Top non-repeatable levels by time:
     D:3: 1221 daAuts
     D:2: 1059 daAuts
     D:1: 879 daAuts
     D:4: 595 daAuts
